 Dungeon Crawl Stone Soup version 0.23-a0-643-g9ccc95a (webtiles) character file.

5565 Amnesiac the Carver (level 10, -4/73 HPs)
             Began as a Spriggan Berserker on Jan 1, 2019.
             Was a High Priest of Trog.
             Slain by a manticore (28 damage)
             ... on level 11 of the Dungeon.
             The game lasted 00:26:56 (14743 turns).

Amnesiac the Carver (Spriggan Berserker)           Turns: 14743, Time: 00:26:56

Health: -4/73      AC:  3    Str: 21    XL:     10   Next: 44%
Magic:  20/20      EV: 23    Int:  9    God:    Trog [*****.]
Gold:   680        SH:  0    Dex: 16    Spells: 9/9 levels left

rFire    . . .     SeeInvis +   a - +4 dagger
rCold    + . .     Gourm    .   (shield restricted)
rNeg     . . .     Faith    .   o - +0 robe {rC+}
rPois    .         Spirit   .   (helmet restricted)
rElec    .         Reflect  .   t - +0 cloak
rCorr    .         Harm     +   (gloves unavailable)
MR       +....     Rnd*Tele +   (boots unavailable)
Stlth    ..........             u - amulet of harm
HPRegen  0.22/turn              x - ring of magical power
MPRegen  0.17/turn              F - ring of teleportation (curse)

@: berserking, very quick
A: very small, unfitting armour, see invisible, herbivore, speed 3, low mp 2,
slow metabolism 2, evolution 1, MP-powered wands
a: Berserk, Trog's Hand, Brothers in Arms, Renounce Religion


You were on level 11 of the Dungeon.
You worshipped Trog.
Trog was extremely pleased with you.
You were not hungry.

You visited 1 branch of the dungeon, and saw 11 of its levels.
You also visited: Ossuary.

You collected 680 gold pieces.

Inventory:

Hand Weapons
 a - a +4 dagger (weapon)
 b - a +0 blowgun
 g - a +0 falchion
 r - a +4 dagger
Missiles
 i - 53 poisoned needles
 y - 2 throwing nets (quivered)
 D - 7 needles of confusion
 E - 9 tomahawks
Armour
 o - a +0 robe of cold resistance (worn)
 t - a +0 cloak (worn)
Jewellery
 f - an uncursed ring of poison resistance
 u - an amulet of harm (around neck)
 x - a ring of magical power (left hand)
 F - a cursed ring of teleportation (right hand)
Wands
 e - a wand of acid (3)
 v - a wand of flame (21)
 A - a wand of paralysis (7)
 B - a wand of polymorph (11)
 H - a wand of random effects (21)
 I - a wand of enslavement (10)
Scrolls
 d - 2 scrolls of blinking {!r}
 h - 4 scrolls of teleportation {!r}
 k - 7 scrolls of remove curse {!r}
 q - 8 scrolls of identify {!r}
 C - 3 scrolls of enchant armour {!r}
 G - a scroll of fear {!r, unknown}
Potions
 j - 2 potions of heal wounds {!q}
 l - 3 potions of agility {!q}
 m - a potion of brilliance {!q}
 n - 2 potions of lignification {!q}
 p - 3 potions of curing {!q}
 s - 4 potions of flight {!q}
 w - a potion of might {!q}
 z - 4 potions of magic {!q}
Comestibles
 c - 6 rations


   Skills:
 - Level 3.0 Fighting
 - Level 14.0 Long Blades
 - Level 8.0 Dodging
 + Level 4.9 Stealth
 + Level 4.1 Evocations


You had 9 spell levels left.
You didn't know any spells.
Your spell library contained the following spells:

 Spells                   Type           Power        Failure   Level  Hunger
 Flame Tongue             Conj/Fire      #....        38%         1    ##.....
 Magic Dart               Conj           #...         38%         1    ##.....
 Blink                    Tloc           N/A          52%         2    ###....
 Call Imp                 Summ           #.......     52%         2    ###....
 Slow                     Hex            #.......     52%         2    ###....
 Throw Flame              Conj/Fire      #.....       52%         2    ###....
 Conjure Flame            Conj/Fire      #.......     77%         3    ####...
 Inner Flame              Hex/Fire       #.......     77%         3    ####...
 Mephitic Cloud           Conj/Pois/Air  #.......     77%         3    ####...
 Sticky Flame             Conj/Fire      #.......     99%         4    #####..
 Fireball                 Conj/Fire      #.........   100%        5    ######.


Dungeon Overview and Level Annotations

Branches:
Dungeon (11/15)            Temple (0/1) D:7            Lair (0/6) D:8
    Orc: D:9-12

Altars:
Cheibriados
Makhleb
Okawaru
Sif Muna
Uskayaw
Yredelemnul

Shops:
D:9 !

Annotations:
D:5 1 transporter, Duvessa; George's ghost, novice OpCj
D:6 2 transporters, Regeox's ghost, novice HOFi
D:8 2 transporters, Killmatronix's ghost, novice CeAE
D:9 Fannar


Innate Abilities, Weirdness & Mutations

You are very small and have problems with some larger weapons.
You are too small for most types of armour.
You have supernaturally acute eyesight. (SInv)
You are a herbivore.
You cover ground extremely quickly.
You need to consume almost no food.
Your magical capacity is very low. (-20% MP)
You evolve.
You expend magic power (3 MP) to strengthen your wands.


Message History

You hit the orc.
The orc is almost dead.
You puncture the orc!
You kill the orc!
Trog accepts your kill.
You hit the orc.
You kill the orc!
Trog accepts your kill.
An orc comes into view. It is wielding a +0 hand axe.
The orc shouts!
You hit the orc but do no damage.
You hear a loud, deep croak!
The orc completely misses you.
You hit the orc but do no damage. You hit the orc.
The orc is heavily wounded.
You hit the orc but do no damage.
The orc is heavily wounded.
The orc completely misses you.
You hit the orc.
You kill the orc!
Trog accepts your kill. The bullfrog completely misses you.
You barely miss the bullfrog. You hit the bullfrog.
The bullfrog is moderately wounded.
The bullfrog misses you.
You hit the bullfrog.
The bullfrog is heavily wounded.
The bullfrog completely misses you.
You barely miss the bullfrog.
The bullfrog is heavily wounded.
The bullfrog barely misses you.
You hit the bullfrog.
The bullfrog is severely wounded.
You hit the bullfrog.
The bullfrog is almost dead.
The bullfrog closely misses you.
You hit the bullfrog.
The bullfrog is almost dead.
The bullfrog closely misses you.
You hit the bullfrog.
You kill the bullfrog!
Trog accepts your kill.
Your Evocations skill increases to level 4!
A manticore comes into view.
You hit the manticore but do no damage.
A red film seems to cover your vision as you go berserk!
You feel yourself moving faster!
You feel mighty!
You feel quite a bit more hungry. The manticore bites you!
The manticore claws you. The manticore misses you.
You barely miss the manticore. The manticore bites you!
The manticore claws you!
* * * LOW HITPOINT WARNING * * *
The manticore claws you.
* * * LOW HITPOINT WARNING * * *
You hit the manticore.
The manticore is lightly wounded.
You puncture the manticore!
The manticore is heavily wounded.
You puncture the manticore!
The manticore is severely wounded.
The manticore bites you!!
You die...

... ..#.+ ... ....#
#........ ... ....#
#........ #####+# #...+
#......# ....... #.#.#
#......# ##### ##+#)#.#
+......# ....# #....#.#
#......#. ###.#
#.#....#+#........
....###.........@.......
.............)#..H......
#..........#............
........................
########################


You could see a manticore.

Vanquished Creatures
  Pikel (D:8)
  A hornet (D:8)
  2 hippogriffs
  A wyvern (D:9)
  A basilisk (D:11)
  2 ice beasts
  2 orc warriors
  A slave (D:8)
  2 sky beasts
  2 ogres
  3 phantoms
  5 centaurs
  A crocodile (D:8)
  4 big kobolds
  4 bullfrogs
  Dowan (D:5)
  4 scorpions
  6 centaur zombies
  2 bullfrog zombies
  7 crimson imps
  8 hounds
  2 human zombies (Ossuary)
  2 gnoll shamans
  3 centaur skeletons (D:6)
  4 orc priests
  3 bullfrog skeletons
  6 orc wizards
  3 iguanas
  5 worker ants
  2 killer bee zombies
  A hound zombie (D:5)
  A hound skeleton (D:4)
  2 mummies (Ossuary)
  2 worker ant zombies
  8 gnolls
  2 howler monkey skeletons
  14 adders
  2 shadow imps
  A worm (D:5)
  3 dart slugs
  8 leopard geckos
  33 orcs
  3 ball pythons
  6 bats
  7 giant cockroaches
  2 gnoll zombies (D:7)
  9 goblins
  5 hobgoblins
  14 jackals
  3 quokkas
  4 frilled lizards
  3 goblin zombies
  A hobgoblin zombie (Ossuary)
  30 kobolds
  A leopard gecko skeleton (D:9)
  A quokka skeleton (D:6)
  10 rats
  A rat zombie (D:4)
267 creatures vanquished.

Vanquished Creatures (collateral kills)
  Edmund (D:4)
1 creature vanquished.

Vanquished Creatures (others)
  A slave (D:8)
  2 plants (D:5)
3 creatures vanquished.

Grand Total: 271 creatures vanquished

Notes
Turn   | Place    | Note
-------+----------+-------------------------------------------
     0 | D:1      | Amnesiac the Spriggan Berserker began the quest for the
                  | Orb.
     0 | D:1      | Reached XP level 1. HP: 11/11 MP: 2/2
    87 | D:1      | Reached XP level 2. HP: 5/16 MP: 3/3
   719 | D:2      | Reached skill level 3 in Long Blades
   719 | D:2      | Reached XP level 3. HP: 9/19 MP: 4/4
   721 | D:2      | Reached skill level 5 in Dodging
  1128 | D:2      | Reached ** piety under Trog
  1484 | D:2      | Reached XP level 4. HP: 20/23 MP: 5/5
  2133 | D:3      | Noticed a centaur
  2142 | D:3      | Killed a centaur
  2142 | D:3      | Reached skill level 4 in Long Blades
  2142 | D:3      | Reached XP level 5. HP: 15/28 MP: 6/6
  2703 | D:3      | Reached XP level 6. HP: 28/32 MP: 7/7
  2711 | D:3      | Reached *** piety under Trog
  3080 | D:4      | Identified a paperback manual
  3080 | D:4      | Noticed a yak
  3163 | D:4      | Found a sand-covered staircase.
  3183 | Ossuary  | Entered an ossuary
  3606 | Ossuary  | Reached skill level 5 in Long Blades
  3830 | D:4      | Reached XP level 7. HP: 17/36 MP: 8/8
  4199 | D:4      | Found a snail-covered altar of Cheibriados.
  4597 | D:5      | Entered Level 5 of the Dungeon
  4650 | D:5      | Found a transporter.
  4650 | D:5      | Found a transporter.
  4695 | D:5      | Noticed George's ghost (novice OpCj)
  4719 | D:5      | Noticed Edmund
  4756 | D:5      | Reached skill level 6 in Long Blades
  4986 | D:4      | Gained mutation: You are frail. (-10% HP) [potion of
                  | mutation]
  4986 | D:4      | Gained mutation: You have a pair of small horns on your
                  | head. [potion of mutation]
  4986 | D:4      | Gained mutation: You occasionally shout uncontrollably at
                  | your foes. [potion of mutation]
  4986 | D:4      | Gained mutation: You have a pair of horns on your head.
                  | [potion of mutation]
  5004 | D:4      | Lost mutation: You occasionally shout uncontrollably at
                  | your foes. [potion of mutation]
  5004 | D:4      | Lost mutation: You have a pair of horns on your head.
                  | [potion of mutation]
  5004 | D:4      | Lost mutation: You are frail. (-10% HP) [potion of
                  | mutation]
  5004 | D:4      | Lost mutation: You have a pair of small horns on your head.
                  | [potion of mutation]
  5004 | D:4      | Gained mutation: Your magical capacity is low. (-10% MP)
                  | [potion of mutation]
  5004 | D:4      | Gained mutation: Your magical capacity is very low. (-20%
                  | MP) [potion of mutation]
  5004 | D:4      | Gained mutation: You evolve. [potion of mutation]
  5194 | D:5      | HP: 1/36 [poisoned by a scorpion]
  5488 | D:5      | Found a deep blue altar of Sif Muna.
  5682 | D:5      | Noticed Duvessa
  5714 | D:5      | Noticed Dowan
  5726 | D:5      | Reached skill level 7 in Long Blades
  5904 | D:5      | Killed Dowan
  5999 | D:6      | Reached XP level 8. HP: 30/40 MP: 7/7
  6011 | D:6      | Reached skill level 8 in Long Blades
  6025 | D:6      | Reached **** piety under Trog
  6250 | D:6      | Gained mutation: You expend magic power (3 MP) to
                  | strengthen your wands. [evolution]
  6335 | D:6      | Found a transporter.
  6335 | D:6      | Found a transporter.
  6335 | D:6      | Noticed Regeox's ghost (novice HOFi)
  6343 | D:6      | Noticed a queen bee
  6567 | D:6      | Reached skill level 9 in Long Blades
  6751 | D:6      | Reached skill level 10 in Long Blades
  6920 | D:5      | Found a burning altar of Makhleb.
  7820 | D:4      | Killed Edmund
  8079 | D:6      | Reached skill level 11 in Long Blades
  8098 | D:6      | Found a hide-covered altar of Uskayaw.
  8408 | D:7      | Reached XP level 9. HP: 44/44 MP: 8/8
  8456 | D:7      | Found a staircase to the Ecumenical Temple.
  8630 | D:7      | Found a basalt altar of Yredelemnul.
  8674 | D:7      | HP: 2/44 [phantom (7)]
  9023 | D:7      | Reached skill level 12 in Long Blades
  9911 | D:8      | Noticed Pikel
  9949 | D:8      | Killed Pikel
  9949 | D:8      | Reached skill level 13 in Long Blades
  9981 | D:8      | Found a staircase to the Lair.
 10000 | D:8      | Noticed a moth of wrath
 10001 | D:8      | Noticed Killmatronix's ghost (novice CeAE)
 10002 | D:8      | Found a transporter.
 10080 | D:8      | HP: 1/44 [hippogriff (7)]
 10611 | D:8      | Received a gift from Trog
 11271 | D:8      | Found a transporter.
 11668 | D:8      | Reached XP level 10. HP: 43/49 MP: 9/9
 11732 | D:8      | Reached ***** piety under Trog
 12036 | D:9      | Found Hiun's Distillery.
 12846 | D:9      | Reached skill level 14 in Long Blades
 13121 | D:9      | Reached skill level 1 in Evocations
 13134 | D:9      | Found an iron altar of Okawaru.
 13776 | D:10     | Entered Level 10 of the Dungeon
 13783 | D:10     | Noticed Fannar
 14567 | D:11     | Identified the +3 leather armour of Enkiroaps {-Cast rElec
                  | SInv}
 14734 | D:11     | Noticed a manticore
 14743 | D:11     | Slain by a manticore

Vault maps used:
D:1:      wander_arrival_abandoned_jail
D:2:      first_ration
D:3:      chequers_serial_rivers_micro_a, minmay_box_of_dots
D:4:      kennysheep_mini_moat, enter_ossuary_4, minmay_manual_mandibuliform
D:5:      makhleb_grotto_becter, led_sif_book, gammafunk_ghost_gnarly_gnolls,
          uniq_duvessa, uniq_edmund
D:6:      lemuel_coloured_pillars_altar, gammafunk_ghost_hive, minmay_checkerbox
D:7:      lemuel_zombie_altar_yredelemnul, minmay_temple_entry_hall
D:8:      cheibrodos_barr_body, lair_entry_dummy,
          gammafunk_ghost_berserking_beasts, uniq_pikel
D:9:      marbit_many_paths, serial_shops, shop_coins
D:10:     uniq_fannar
D:11:     lemuel_angel_altar
Ossuary:  ossuary_crypta

Skill      XL: |  1  2  3  4  5  6  7  8  9 10 |
---------------+-------------------------------+-----
Long Blades    | 3 4 5 7 11 13 14 | 14.0
Dodging        | 5 6 7 8 |  8.0
Fighting       | 3 |  3.0
Stealth        | 4 |  4.9
Evocations     | 4 |  4.1

Action                   |  1- 3 |  4- 6 |  7- 9 | 10-12 || total
-------------------------+-------+-------+-------+-------++-------
Melee: Falchion          |    36 |       |       |       ||    36
       Dagger            |    72 |   237 |   885 |   319 ||  1513
Invok: Berserk           |       |     3 |     5 |     3 ||    11
       Brothers in Arms  |       |       |     1 |       ||     1
Evoke: Wand              |       |       |     1 |       ||     1
  Use: Potion            |       |       |    14 |       ||    14
       Scroll            |       |       |     9 |       ||     9
 Stab: Distracted        |     1 |     1 |     1 |     1 ||     4
       Sleeping          |     5 |     2 |     3 |     4 ||    14
       Paralysed         |       |       |     1 |       ||     1
  Eat: Ration            |       |     4 |     9 |     1 ||    14
Armor: Animal skin       |     8 |     7 |    22 |     4 ||    41
Dodge: Dodged            |    71 |   171 |   459 |   177 ||   878
       Rpst.: Falchion   |     6 |       |       |       ||     6

Table legend:
 A = Non-vault XP
 B = Vault XP
 C = Vault XP percentage of total XP
 D = Non-vault monster count
 E = Vault monster count
 F = Vault count percentage of total count
                 A         B        C        D         E       F
            +---------+---------+-------+---------+---------+-------
      Total |    6127 |    1824 |  22.9 |     225 |      42 |  15.7
            +---------+---------+-------+---------+---------+-------
        D:1 |      30 |       0 |   0.0 |      16 |       0 |   0.0
        D:2 |      79 |       0 |   0.0 |      27 |       0 |   0.0
        D:3 |     288 |      34 |  10.6 |      31 |       4 |  11.4
        D:4 |     168 |     122 |  42.1 |       8 |       4 |  33.3
        D:5 |     442 |     190 |  30.1 |      19 |       5 |  20.8
        D:6 |     965 |      81 |   7.7 |      27 |       2 |   6.9
        D:7 |     932 |       4 |   0.4 |      25 |       2 |   7.4
        D:8 |    1269 |    1127 |  47.0 |      28 |      15 |  34.9
        D:9 |    1375 |       0 |   0.0 |      24 |       0 |   0.0
       D:10 |      95 |       0 |   0.0 |       3 |       0 |   0.0
       D:11 |     484 |       0 |   0.0 |      17 |       0 |   0.0
    Ossuary |       0 |     266 | 100.0 |       0 |      10 | 100.0
            +---------+---------+-------+---------+---------+-------
